AoeStats
← [ESTG] The Surrendor

Arabia

508097987Analyzed
1v1 RM · 12d ago on Sep 20, 2026· 33m 22s· 2 players
Game mode
Random Map
Map size
Tiny (2 player)
Population
200
Speed
Normal
Resources
Standard
Victory
Conquest
Starting age
Dark Age
Ending age
Imperial Age
RankedLock teamsTeams togetherTeam positionsShared explorationLock speedFull tech treeHidden civsTurbo modeCheats
Victory
Defeat
🇨🇴 Bulgarians · Colombia
1491
+11
🇪🇸 Burmese · Spain
1387
-11
[ESTG] The Surrendor
6:18 Loom
8:36 Loom
11:09 Feudal Age
15:20 Castle Age
13:30 Double-Bit Axe
14:14 Stone Mining
16:40 Gold Mining
32:10 Town Watch
TdB.Ket
9:24 Loom
11:10 Feudal Age
16:49 Castle Age
29:56 Sanctity
Connection lost

Rejoining the realm…

Still unreachable

The connection could not be restored.

Session expired

The server has moved on; the page needs a fresh start.